 Dungeon Crawl Stone Soup version 0.18.1-48-g4cf74bf (webtiles) character file.

318 Dickchan the Vexing (level 6, -1/41 HPs)
             Began as a Vampire Enchanter on Sept 1, 2016.
             Killed from afar by an orc wizard (7 damage)
             ... with a puff of flame
             ... on level 4 of the Dungeon.
             The game lasted 00:11:59 (3120 turns).

Dickchan the Vexing (Vampire Enchanter)             Turns: 3120, Time: 00:12:00

Health: -1/41      AC:  5    Str:  7    XL:     6   Next: 21%
Magic:  0/9        EV: 14    Int: 19    God:
Gold:   146        SH:  0    Dex: 15    Spells: 2 memorised, 6 levels left

rFire  . . .     SeeInvis +     a - +1 dagger
rCold  . . .     Gourm    .     b - +1 robe
rNeg   + . .     Faith    .     (no shield)
rPois  +         Spirit   .     (no helmet)
rElec  .         Dismiss  .     n - +0 cloak
rCorr  .         Reflect  .     (no gloves)
SustAt +         Harm     .     g - +0 pair of boots {Fly}
MR     .....                    (no amulet)
Stlth  +++.......               o - ring of sustain attributes
                                d - ring of poison resistance

@: flying, very slightly contaminated, hasted, very quick, not resistant to
hostile enchantments, fairly stealthy
A: fangs 3, see invisible, unbreathing
a: Bat Form, Stop Flying


You were on level 4 of the Dungeon.
You were not thirsty.

You visited 1 branch of the dungeon, and saw 4 of its levels.

You collected 146 gold pieces.

Inventory:

Hand Weapons
 a - a +1 dagger (weapon)
Armour
 b - a +1 robe (worn)
 g - a +0 pair of boots of flying (worn)
 n - a +0 cloak (worn)
Jewellery
 d - a ring of poison resistance (left hand)
 o - a ring of sustain attributes (right hand)
Scrolls
 e - a scroll of enchant weapon {unknown}
 h - 2 scrolls of recharging {unknown}
 i - 2 scrolls of remove curse {unknown}
 j - a scroll of amnesia {unknown}
 l - a scroll of teleportation {unknown}
 m - 2 scrolls of identify {unknown}
Potions
 f - 3 potions of agility {unknown}
 k - a potion of cancellation {unknown}
 p - a potion of degeneration {unknown}
Books
 c - a book of Maledictions

   Spells                             Type                      Level
   a - Corona                         Hexes                        1
   b - Ensorcelled Hibernation        Hexes/Ice                    2
   c - Confuse                        Hexes                        3
   d - Tukima's Dance                 Hexes                        3
   e - Dazzling Spray                 Conjuration/Hexes            3


   Skills:
 * Level 5.1 Short Blades
 + Level 3.9 Dodging
 - Level 4.4 Stealth
 - Level 2.0 Spellcasting
 + Level 6.1 Hexes


You had 6 spell levels left.
You knew the following spells:

 Your Spells              Type           Power        Failure   Level  Hunger
a - Corona                Hex            ####...      1%          1    #......
b - Ensorcelled Hibernat  Hex/Ice        ##....       10%         2    ###....


Dungeon Overview and Level Annotations

Branches:
Dungeon (4/15)
 Temple: D:4-7

Altars:

Annotations:
D:3 Gottschkopf's ghost, amateur DrTm
D:4 Anatei's ghost, weakling DsBe


Innate Abilities, Weirdness & Mutations

You have razor-sharp teeth.
You have supernaturally acute eyesight.
You can survive without breathing.


Message History

* * * LOW HITPOINT WARNING * * *
You hit the orc wizard but do no damage.
The orc wizard is moderately wounded.
The orc wizard barely misses you.
You miss the orc wizard.
The orc wizard is moderately wounded.
You hit the orc wizard but do no damage.
The orc wizard is moderately wounded.
The orc wizard gestures at you while chanting.
The magic dart hits you!
* * * LOW HITPOINT WARNING * * *
Casting: Ensorcelled Hibernation
Confirm with . or Enter, or press ? or * to list all spells.
Aiming: Corona
Press: ? - help, Shift-Dir - straight line, f/p - orc wizard
Aim: an orc wizard, wielding a dagger and wearing a robe (moderately wounded, fast, chance to defeat MR: 65%)
The orc wizard struggles to resist.
The orc wizard casts a spell at you. The puff of flame hits you!
You die...

#.##.##....... .. #
#.#..o.....o..### o#.
# #...o(.....o....
o...# ###..##.##.#...#
#.... #..# ... #...#
### #..
#..#######...###.###..
#...oo#.......>.#....(
##.##o#...............
#.##@#.....[....###..
#.##.#.##...###.# #..
#.##.#.##...# #.# #.#
#.##.#.##...# #># #.#
#......###.## #.# #.#
####.#####.####.###.#
#................#
##################


You could see an orc wizard and 2 orcs.

Vanquished Creatures
  A hound (D:4)
  A centaur skeleton (D:4)
  Jessica (D:3)
  Terence (D:2)
  Natasha (thrice) (D:2)
  7 adders
  An ooze (D:4)
  A worm (D:2)
  A dart slug (D:1)
  6 giant geckos
  2 orcs (D:4)
  4 giant cockroaches
  5 goblins
  3 hobgoblins
  2 jackals (D:1)
  5 kobolds
  2 ball pythons
  4 bats
  A giant newt (D:4)
  A quokka skeleton (D:4)
  9 rats
61 creatures vanquished.

Notes
Turn   | Place    | Note
--------------------------------------------------------------
     0 | D:1      | Dickchan the Vampire Enchanter began the quest for the Orb.
     0 | D:1      | Reached XP level 1. HP: 13/13 MP: 3/3
   188 | D:1      | Reached XP level 2. HP: 15/19 MP: 5/5
   581 | D:1      | Learned a level 2 spell: Ensorcelled Hibernation
   599 | D:2      | Noticed Terence
   607 | D:2      | Reached XP level 3. HP: 24/24 MP: 3/6
   642 | D:2      | Killed Terence
   673 | D:2      | Reached skill level 5 in Hexes
   725 | D:2      | Reached XP level 4. HP: 30/30 MP: 7/7
   822 | D:2      | Noticed Natasha
   826 | D:2      | Killed Natasha
  1172 | D:2      | Noticed Natasha
  1195 | D:2      | Killed Natasha
  1195 | D:2      | Reached XP level 5. HP: 29/35 MP: 1/8
  1306 | D:2      | Noticed Natasha
  1312 | D:2      | Killed Natasha
  1700 | D:3      | Noticed Gottschkopf's ghost (amateur DrTm)
  1747 | D:3      | Found a faded altar to an unknown god.
  1999 | D:3      | Noticed Jessica
  2003 | D:3      | Killed Jessica
  2418 | D:4      | Noticed Anatei's ghost (weakling DsBe)
  2758 | D:4      | Reached skill level 5 in Short Blades
  2758 | D:4      | Reached skill level 6 in Hexes
  2758 | D:4      | Reached XP level 6. HP: 19/41 MP: 9/9
  3120 | D:4      | Killed from afar by an orc wizard

Skill      XL: |  1  2  3  4  5 |
---------------+----------------+-----
Short Blades   | 2 3 4 5 |  5.1
Hexes          | 5 6 |  6.1
Dodging        | 3 |  3.9
Stealth        | |  4.4
Spellcasting   | |  2.0

Action                   |  1- 3 |  4- 6 || total
-------------------------+-------+-------++-------
Melee: Dagger            |    80 |   177 ||   257
       Bite              |     4 |    11 ||    15
 Cast: Corona            |     9 |    18 ||    27
       Ensorcelled Hiber |     2 |    19 ||    21
 Abil: End Transformatio |       |     2 ||     2
       Bat Form          |       |     2 ||     2
  Use: Potion            |       |     1 ||     1
 Stab: Sleeping          |     9 |    10 ||    19
  Eat: Corpse            |     3 |     7 ||    10
Armor: Robe              |    14 |    30 ||    44
Dodge: Dodged            |    52 |   103 ||   155
